← All builds
Tech / Armada / Economy first / OBSERVED BUILD

Standard tech

Standard Tech play: rush T2 factory and constructor by ~4:15-4:33, upgrade the first mexes to advanced, and hand off constructors and army to Geo and allies while scaling eco over the game.

Usually first T2 con to Geo (85%)

#eco #t2 #team support · 681 distinct matches · 101 players · 59% of Armada Tech games · team won 53% of 793 · Recently observed

HOW TO PLAY IT

Key timing: T2 lab by 4:15

  1. Take 3 mex, then wind and a Bot Lab to open eco fast.
  2. Push T2 lab out, aim to pass T2 to air player.
  3. Get first T2 constructor building, prioritize mex upgrades over eco.
  4. Finish Advanced Metal Extractor, keep upgrading team's mex.
  5. Add fus and anti-nuke, keep feeding T2 cons and Umbrella/Citadel to team.

Phase by phase

TYPICAL OF ITS 681 GAMES
  1. 1
  2. 2
  3. 3
  4. 4
PLAY THE OPENING

Follow the example game's first 6:00 step by step: what to build now, what comes next, and where it goes. At 1× it keeps pace with your own game.

  1. 1

    Up to the Bot Lab

    Economy
    • Metal Extractor3Mex
    • Wind Turbine4Wind
    Order
    1. Bot LabBot Lab after 3 mex, 4 winddone ~1:18, middle half 1:13–1:32

    Some games also: energy storage (30%)

    By 1:01 in all: 3 mex · 4 wind

    The example game in this phase · 3 steps
    1. Mex ×3
    2. Wind ×4
    3. Bot LabBot Labdone 1:17 · typical 1:18
  2. 2

    Bot Lab to Advanced Bot Lab

    Economy
    • Metal Extractor1Mex
    • Wind Turbine8Wind
    • Energy Storage1Energy storage
    Order
    1. Advanced Bot LabAdvanced Bot Lab after 4 mex, 12 wind, 3 con turretdone ~4:15, middle half 4:04–4:27
    Builders
    • Construction Turret3 Con turret
    • Lazarus3 Lazarus
    • Construction Bot2 Con bot
    • Construction Bot1 Con bot for allies

    Some games also: converter (36%)

    By 3:20 in all: 4 mex · 12 wind · 1 energy storage · 3 con turret

    The example game in this phase · 14 steps
    1. Construction BotCon bot
    2. Wind
    3. LazarusLazarus
    4. Wind ×2
    5. LazarusLazarus
    6. Mex
    7. LazarusLazarus ×3
    8. Wind
    9. Construction BotCon bot
    10. Con turret
    11. Energy storage
    12. Con turret
    13. Energy storage
    14. Advanced Bot LabAdvanced Bot Labdone 4:02 · typical 4:15
  3. 3

    Advanced Bot Lab to 5:00

    Economy
    • Wind Turbine2Wind
    Builders
    • Advanced Construction Bot1 T2 con bot for allies

    Some games also: converter (35%)

    By 5:00 in all: 4 mex · 15 wind · 2 converter · 1 energy storage · 3 con turret

    The example game in this phase · 4 steps
    1. Energy storage
    2. Advanced Construction BotT2 con botfor Geo
    3. Advanced Construction BotT2 con bot
    4. Advanced Metal ExtractorT2 mex ×3done 4:58 · typical 5:28
  4. 4

    5:00 to 10:00

    Economy
    • Wind Turbine43Wind
    • Energy Converter5Converter
    Builders
    • Butler8 Butler
    • Advanced Construction Bot4 T2 con bot for allies
    • Advanced Construction Bot1 T2 con bot

    Some games also: con turret (46%) · Butler for allies (38%)

    By 10:00 in all: 4 mex · 58 wind · 7 converter · 1 energy storage · 3 con turret

    The example game in this phase · 127 steps
    1. Advanced Construction BotT2 con botfor Air
    2. Wind
    3. Advanced Construction BotT2 con botfor Geo sea
    4. Wind
    5. Advanced Construction BotT2 con botfor Beach sea
    6. Wind ×2
    7. Advanced Construction BotT2 con bot
    8. WelderWelder
    9. Advanced Construction BotT2 con bot
    10. GunslingerGunslingerfor Suicide frontdone 7:05
    11. Wind ×2
    12. GunslingerGunslingerfor Front
    13. Wind ×2
    14. GunslingerGunslingerfor Suicide front
    15. Wind ×2
    16. Advanced Construction BotT2 con botfor Pond
    17. Wind
    18. ButlerButler
    19. Wind
    20. ButlerButler
    21. Wind
    22. ButlerButler
    23. Wind
    24. ButlerButler
    25. Wind ×2
    26. ButlerButler
    27. Wind ×3
    28. ButlerButler
    29. Wind ×3
    30. Advanced Construction BotT2 con bot
    31. Wind ×11
    32. ButlerButler
    33. Wind
    34. ButlerButler
    35. Advanced Metal ExtractorT2 mex
    36. Con turret
    37. Wind ×4
    38. ButlerButler
    39. Wind ×3
    40. Converter
    41. Wind
    42. ButlerButler
    43. Wind ×5
    44. ButlerButler
    45. Wind ×4
    46. Converter
    47. Wind
    48. ButlerButler
    49. Wind ×3
    50. Converter
    51. Wind
    52. Converter
    53. Wind ×2
    54. Converter
    55. Wind ×3
    56. Converter
    57. Wind ×2
    58. ButlerButler
    59. Converter
    60. Wind
    61. CitadelAnti-nukedone 12:26
    62. Wind
    63. Converter
    64. Wind ×2
    65. Converter
    66. Wind
    67. ButlerButler
    68. Con turret
    69. Wind ×2
    70. Converter
    71. Wind ×3
    72. Converter
    73. Wind
    74. ButlerButler
    75. Wind ×3
    76. Converter
    77. Wind ×2
    78. ButlerButler
    79. Wind ×2
    80. Converter
    81. Wind
    82. Converter
    83. Wind ×2
    84. Converter
    85. ButlerButler
    86. Wind ×5
    87. Converter ×2
    88. HoundHound ×2for Suicide front
    89. Converter
    90. HoundHoundfor Suicide front
    91. Converter
    92. TracerTracer
    93. HoundHoundfor Suicide front
    94. Converter
    95. HoundHoundfor Suicide front
    96. Converter
    97. HoundHoundfor Suicide front
    98. Converter
    99. HoundHoundfor Suicide front
    100. Converter
    101. HoundHoundfor Suicide front
    102. Converter ×2
    103. HoundHound
    104. Converter
    105. Wind
    106. Converter
    107. HoundHound
    108. Wind ×2
    109. Converter
    110. Wind
    111. HoundHound
    112. Wind ×3
    113. Converter
    114. Wind ×2
    115. HoundHound
    116. Wind ×3
    117. Converter
    118. Wind ×2
    119. HoundHound
    120. Wind ×4
    121. HoundHound
    122. Converter
    123. Wind ×6
    124. HoundHound
    125. Wind
    126. Converter
    127. Wind ×3

Counts are medians over the build's games: half of them build more, half fewer. The example game is Viltrum's (41 OS, 19/09/2026); pick another.

Team trades

IN AT LEAST 30% OF ITS GAMES

You hand over

  • Construction Bot1 Con bot to Airfirst at 2:22 · in 88% of games
  • Advanced Construction Bot5 T2 con bot to Air or Pond or Geo seafirst at 4:46 · in 99% of games
  • Sharpshooter2 Sniper bot to Pondfirst at 5:23 · in 33% of games
  • Butler2 Butler to Geo sea or Beach sea or Pondfirst at 9:03 · in 42% of games

You get

  • Hercules1 Light transport from Airfirst at 3:59 · in 85% of games

How it plays out

Typical game of this build, running totals by minute

Metal produced

020k40k
0:005:0010:0015:00

metal

Enemy metal destroyed

0200400
0:005:0010:0015:00

metal

Own metal lost

0100200300
0:005:0010:0015:00

metal

793 games.

Show as table
ByMetal produced: This buildEnemy metal destroyed: This buildOwn metal lost: This build
1:0038300
2:0091500
3:00163500
4:00314800
5:00486300
6:00580700
7:00722000
8:00906100
9:001124700
10:001355300
11:001634200
12:001985000
13:002364400
14:0027360125130
15:0031473385260
WHAT THE NUMBERS SAY

This is the role's baseline and wins slightly more than half its games with a huge metal lead but almost no kills, showing its value is economic not combat.

  • + Produces 31389 metal by 15:00, far above other roles.
  • + Reaches T2 lab and constructor by 4:15-4:33 almost every game.
  • − Barely destroys any enemy metal (400 by 15:00), no combat presence.
  • − Fusion Reactor and anti-nuke only land in 44% of games.
THE EXAMPLE YOU ARE READING

Viltrum

40.9 OS · 19/09/2026

Open source match ↗

2 received units
2172 metal received · 105890 energy received

Allied construction assistance is unknown. Timings are observations, not a promise of solo reproducibility.

Typical milestones

Bot Lab1:18Middle 50%: 1:13–1:32 · n=793
Advanced Bot Lab4:15Middle 50%: 4:04–4:27 · n=787
Advanced Metal Extractor5:28Middle 50%: 5:06–5:58 · n=791

Played most by

Amrissa100games of this buildSyphos34games of this buildKOT_33games of this buildTeaner28games of this buildAdeus26games of this build